 Dungeon Crawl Stone Soup version 0.26-a0-1012-gedcf9b2963 (webtiles) character file.

Game seed: 11849692324438979538

13036 Morbidden the Destroyer (level 11, -7/77 HPs)
             Began as a Demonspawn Conjurer on Dec 7, 2020.
             Was a Priest of Vehumet.
             Mangled by a catoblepas (12 damage)
             ... while petrified by you
             ... on level 10 of the Dungeon.
             The game lasted 00:20:09 (11085 turns).

Morbidden the Destroyer (Demonspawn Conjurer)      Turns: 11085, Time: 00:20:10

Health: -7/77      AC: 12    Str:  7    XL:     11   Next: 70%
Magic:  34/43      EV:  2    Int: 24    God:    Vehumet [***...]
Gold:   487        SH:  0    Dex: 11    Spells: 19/30 levels left

rFire    . . .     SeeInvis .   a - +1 dagger (elec)
rCold    . . .     Faith    .   (no shield)
rNeg     + + +     Spirit   .   M - +0 acid dragon scales
rPois    ∞         Reflect  .   t - +0 hat {Will+}
rElec    .         Harm     .   z - +2 cloak {rPois}
rCorr    +         Rampage  .   (no gloves)
Will     +....                  D - +0 pair of boots
Stlth    ++........             c - amulet of regeneration
HPRegen  0.62/turn              j - ring of magical power
MPRegen  0.28/turn              N - ring of magical power

@: agile, petrified
A: talons 1, rugged brown scales 2, foul stench 1, powered by pain 1, rot
immunity
a: Renounce Religion


You were on level 10 of the Dungeon.
You worshipped Vehumet.
Vehumet was most pleased with you.
You visited 2 branches of the dungeon, and saw 11 of its levels.

You collected 487 gold pieces.

Inventory:

Hand Weapons
 a - a +1 dagger of electrocution (weapon)
Missiles
 u - 51 poisoned darts (quivered)
 E - 4 curare-tipped darts
 I - 7 silver boomerangs
Armour
 t - a +0 hat of willpower (worn)
 z - a +2 cloak of poison resistance (worn)
 D - a +0 pair of boots (worn)
 M - +0 acid dragon scales (worn)
Magical Staves
 G - an uncursed staff of fire
Jewellery
 c - an amulet of regeneration (around neck)
 j - a ring of magical power (left hand)
 K - an uncursed ring of ice
 N - a ring of magical power (right hand)
Wands
 b - a wand of flame (23)
 J - a wand of digging (6)
Scrolls
 d - 3 scrolls of teleportation {unknown}
 e - 8 scrolls of identify
 g - 2 scrolls of enchant armour {unknown}
 i - 4 scrolls of magic mapping
 n - 2 scrolls of fear {unknown}
 o - 4 scrolls of remove curse
 q - 4 scrolls of immolation {unknown}
 F - 4 scrolls of amnesia {unknown}
Potions
 f - 2 potions of haste {unknown}
 h - 3 potions of lignification {unknown}
 k - a potion of flight {unknown}
 l - 2 potions of mutation {unknown}
 m - a potion of brilliance {unknown}
 p - 2 potions of ambrosia {unknown}
 r - a potion of berserk rage {unknown}
 s - a potion of curing {unknown}
 v - 2 potions of degeneration {unknown}
 w - a potion of cancellation {unknown}
 x - 2 potions of invisibility
 C - 3 potions of might {unknown}
 H - 3 potions of heal wounds {unknown}
Miscellaneous
 y - a condenser vane
 A - a phantom mirror (inert)


   Skills:
 + Level 2.7 Fighting
 + Level 0.4 Short Blades
 + Level 2.6 Throwing
 + Level 2.7 Armour
 + Level 4.7 Dodging
 + Level 4.9 Stealth
 + Level 10.4 Spellcasting
 + Level 12.2 Conjurations
 + Level 3.3 Translocations
 * Level 1.5 Air Magic
 + Level 0.1 Evocations


You had 19 spell levels left.
You knew the following spells:

 Your Spells              Type           Power        Failure   Level
a - Iskenderun's Mystic   Conj/Tloc      #####...     1%          4
b - Searing Ray           Conj           ######       1%          2
c - Magic Dart            Conj           ####         1%          1
z - Airstrike             Air            ###.......   13%         4

Your spell library contained the following spells:

 Spells                   Type           Power        Failure   Level
 Conjure Flame            Conj/Fire      #####...     1%          3
 Dazzling Flash           Conj/Hex       #####.       1%          3
 Mephitic Cloud           Conj/Pois/Air  ####....     1%          3
 Fulminant Prism          Conj/Hex       #####.....   2%          4
 Blink                    Tloc           N/A          3%          2
 Swiftness                Air            ###.....     7%          2
 Gell's Gravitas          Tloc           ####......   7%          3
 Beastly Appendage        Tmut           ##....       9%          1
 Poisonous Vapours        Pois/Air       ###...       10%         2
 Call Imp                 Summ           ##......     14%         2
 Passwall                 Tmut/Erth      ##......     14%         2
 Slow                     Hex            ##......     14%         2
 Wereblood                Tmut           ##......     14%         2
 Passage of Golubria      Tloc           N/A          22%         4
 Confusing Touch          Hex            ##......     26%         3
 Spider Form              Tmut/Pois      ##........   26%         3
 Freezing Cloud           Conj/Ice/Air   ####......   45%         6
 Lee's Rapid Deconstruct  Erth           ##........   50%         5
 Yara's Violent Unravell  Hex/Tmut       ##........   50%         5
 Ice Form                 Ice/Tmut       ##......     65%         4
 Petrify                  Tmut/Erth      ##......     65%         4
 Blade Hands              Tmut           ##........   94%         5
 Metabolic Englaciation   Hex/Ice        ##........   94%         5
 Invisibility             Hex            ##......     100%        6


Dungeon Overview and Level Annotations

Branches:
Dungeon (10/15)            Temple (1/1) D:4            Lair (0/6) D:9
    Orc (0/2) D:10

Altars:
Ashenzari
Cheibriados
Dithmenos
Elyvilon
Fedhas
Gozag
Hepliaklqana
Kikubaaqudgha
Makhleb
Nemelex Xobeh
Okawaru
Qazlal
Ru
Sif Muna
Trog
Uskayaw
Vehumet
Wu Jian
Xom
Yredelemnul
Zin
The Shining One

Shops:
D:8 :   D:9 *

Annotations:
D:6 2 transporters


Innate Abilities, Weirdness & Mutations

You have sharp toenails.
You are mostly covered in rugged brown scales. (AC +2, +5% HP)
You may emit foul miasma when damaged in melee.
You sometimes gain a little power by taking damage.
You are immune to rotting.


Message History

Okay, then.
Unknown command.
Unknown command.
Unknown command.
Okay, then.
As you read the scroll labelled PEBAASA ROC, it crumbles to dust.
You feel blessed for a moment.
It was a scroll of remove curse.
You are engulfed in calcifying dust.
Your limbs have turned to stone.
You carefully extract the barbed spikes from your body.
The green very ugly thing trunk-slaps you but does no damage.
The catoblepas gores you!!
* * * LOW HITPOINT WARNING * * *
You focus on the pain.
You feel your power returning.
The green very ugly thing trunk-slaps you!
* * * LOW HITPOINT WARNING * * *
The green very ugly thing looks sick.
Your magical contamination has completely faded away.
You have turned to stone.
You are engulfed in calcifying dust.
The catoblepas gores you!!
You die...

**,* *,*,,,,,,,*.# **+** *,,,,
**,* *,,,,,8,,,..# *.# ****<
**,***,*,,,,,,,#.## #.# *,
,,,,,,,*..,,,,,#..###.########
*,
*****,,*,..,,,,*..##.........#
*, *,,*###.####.............#
*,
*,,,?...C.Zy.#.#.........#**,
****,*,,*#cu##.##.........,,,
*,,,**#HY@§§..........#***
***,* #####.##........# *,*
#.##........#
*,******#.##.########
*,,,,,,,..##.# *****#######.##
#........# * #.#####..# * #.#
###..####


You could see a green very ugly thing (sick), a catoblepas (sick), a centaur
warrior, a manticore, a cyclops, a vampire mosquito and a hound skeleton.

Vanquished Creatures
  Gastronok (D:8)
  A centaur warrior (D:8)
  3 two-headed ogres
  A cyclops (D:8)
  Maurice (D:9)
  A gargoyle (D:10)
  Maggie (D:8)
  A komodo dragon (D:9)
  2 trolls
  Prince Ribbit (D:9)
  A hornet (D:7)
  9 yaks
  Eustachio (D:4)
  Menkaure (D:6)
  Edmund (D:4)
  2 black bears (D:9)
  3 ice beasts
  4 orc warriors
  2 phantoms
  3 sky beasts
  5 ogres
  4 centaurs
  8 bullfrogs
  A gnoll sergeant (D:3)
  A scorpion (D:7)
  5 killer bees (D:7)
  5 wights (D:8)
  A crimson imp (D:2)
  8 orc priests
  A jelly (D:6)
  A centaur zombie (D:8)
  17 orc wizards
  Crazy Yiuf (D:4)
  A bullfrog skeleton (D:4)
  A gnoll shaman (D:6)
  4 hounds
  3 centaur skeletons
  3 iguanas
  6 worker ants
  A hound skeleton (D:6)
  10 gnolls
  6 adders
  2 shadow imps
  A white imp (D:5)
  An ufetubus (D:5)
  An adder zombie (D:7)
  2 adder skeletons
  3 dart slugs
  7 leopard geckos
  30 orcs
  2 ball pythons (D:6)
  4 bats
  3 giant cockroaches
  7 hobgoblins
  8 jackals
  6 quokkas
  6 frilled lizards
  8 goblins
  13 kobolds
  A leopard gecko zombie (D:5)
  A quokka zombie (D:7)
  6 rats
245 creatures vanquished.

Vanquished Creatures (others)
  4 fungi (D:4)
  3 plants
7 creatures vanquished.

Grand Total: 252 creatures vanquished

Notes
Turn   | Place    | Note
-------+----------+-------------------------------------------
     0 | D:1      | Morbidden the Demonspawn Conjurer began the quest for the
                  | Orb.
     0 | D:1      | Reached XP level 1. HP: 13/13 MP: 3/3
   836 | D:1      | Gained mutation: You are partially covered in rugged brown
                  | scales. (AC +1, +3% HP) [demonic ancestry]
   836 | D:1      | Reached XP level 2. HP: 13/19 MP: 0/5
  1272 | D:1      | Learned a level 2 spell: Searing Ray
  1516 | D:2      | Reached XP level 3. HP: 24/24 MP: 2/6
  1848 | D:2      | Reached skill level 5 in Conjurations
  1848 | D:2      | Reached XP level 4. HP: 16/30 MP: 4/7
  2586 | D:2      | Found a burning altar of Makhleb.
  2750 | D:3      | Reached XP level 5. HP: 36/36 MP: 9/9
  3084 | D:3      | Found a shimmering blue altar of Sif Muna.
  3209 | D:3      | Reached XP level 6. HP: 36/42 MP: 5/10
  3672 | D:4      | Reached skill level 6 in Conjurations
  3702 | D:4      | Found a staircase to the Ecumenical Temple.
  3702 | D:4      | Noticed Eustachio
  3711 | D:4      | Killed Eustachio
  3722 | Temple   | Entered the Ecumenical Temple
  3801 | Temple   | Became a worshipper of Vehumet
  3901 | D:4      | Gained mutation: You have sharp toenails. [demonic
                  | ancestry]
  3901 | D:4      | Reached XP level 7. HP: 25/47 MP: 9/13
  4111 | D:4      | Noticed Edmund
  4124 | D:4      | Killed Edmund
  4538 | D:4      | Reached skill level 7 in Conjurations
  4696 | D:4      | Found a runed translucent door.
  4697 | D:4      | Noticed Crazy Yiuf
  4721 | D:4      | Killed Crazy Yiuf
  4856 | D:5      | Entered Level 5 of the Dungeon
  5152 | D:5      | Reached skill level 5 in Spellcasting
  5256 | D:5      | Gained mutation: You are immune to rotting. [demonic
                  | ancestry]
  5256 | D:5      | Reached XP level 8. HP: 46/54 MP: 16/16
  5322 | D:5      | Reached * piety under Vehumet
  5322 | D:5      | Offered knowledge of Sandblast by Vehumet.
  5348 | D:5      | Found a hide-covered altar of Uskayaw.
  5564 | D:5      | Reached skill level 8 in Conjurations
  6268 | D:6      | Found a stormy altar of Qazlal.
  6270 | D:6      | Found a basalt altar of Yredelemnul.
  6272 | D:6      | Found a white marble altar of Elyvilon.
  6278 | D:6      | Found a blossoming altar of Fedhas.
  6279 | D:6      | Found a shadowy altar of Dithmenos.
  6279 | D:6      | Found a glowing golden altar of the Shining One.
  6306 | D:6      | Reached skill level 1 in Fighting
  6406 | D:6      | Learned a level 4 spell: Iskenderun's Mystic Blast
  6469 | D:6      | Found a sparkling altar of Nemelex Xobeh.
  6589 | D:6      | Found a transporter.
  6591 | D:6      | Found a transporter.
  6803 | D:6      | Noticed Menkaure
  6811 | D:6      | Killed Menkaure
  6812 | D:6      | Gained mutation: You are mostly covered in rugged brown
                  | scales. (AC +2, +5% HP) [demonic ancestry]
  6812 | D:6      | Reached XP level 9. HP: 31/61 MP: 19/19
  7036 | D:6      | Found a shimmering blue altar of Sif Muna.
  7055 | D:6      | Reached skill level 9 in Conjurations
  7401 | D:7      | Reached ** piety under Vehumet
  7401 | D:7      | Offered knowledge of Foxfire by Vehumet.
  7764 | D:7      | Noticed a two-headed ogre
  7770 | D:7      | Killed a two-headed ogre
  7771 | D:7      | Reached skill level 10 in Conjurations
  8244 | D:8      | Found Weloet's Book Emporium.
  8332 | D:8      | Gained mutation: You may emit foul miasma when damaged in
                  | melee. [demonic ancestry]
  8332 | D:8      | Reached XP level 10. HP: 69/69 MP: 19/22
  8520 | D:8      | Reached skill level 1 in Translocations
  8533 | D:8      | Offered knowledge of Mephitic Cloud by Vehumet.
  8739 | D:8      | Noticed Maggie
  8750 | D:8      | Killed Maggie
  8812 | D:8      | Noticed Gastronok
  8828 | D:8      | Killed Gastronok
  8829 | D:8      | Reached skill level 1 in Throwing
  8829 | D:8      | Reached skill level 11 in Conjurations
  8919 | D:8      | Reached *** piety under Vehumet
  8927 | D:8      | Reached skill level 1 in Armour
  8934 | D:8      | Gained mutation: You sometimes gain a little power by
                  | taking damage. [demonic ancestry]
  8934 | D:8      | Reached XP level 11. HP: 44/75 MP: 8/24
  9094 | D:8      | Noticed a two-headed ogre
  9104 | D:8      | Killed a two-headed ogre
  9105 | D:8      | Reached skill level 10 in Spellcasting
  9173 | D:8      | Noticed a two-headed ogre
  9186 | D:8      | Killed a two-headed ogre
  9613 | D:8      | Got a wavering brass amulet
  9614 | D:8      | Identified the amulet "Wimei" {Acrobat rN+} (You found it
                  | on level 8 of the Dungeon)
  9703 | D:8      | Noticed a centaur warrior
  9712 | D:8      | Killed a centaur warrior
  9868 | D:9      | Noticed Maurice
  9922 | D:9      | Offered knowledge of Airstrike by Vehumet.
  9937 | D:9      | Learned a level 4 spell: Airstrike
  9995 | D:9      | Killed Maurice
  9996 | D:9      | Reached skill level 12 in Conjurations
 10208 | D:9      | Found Usattirgh's General Store.
 10210 | D:9      | Noticed Prince Ribbit
 10215 | D:9      | Killed Prince Ribbit
 10455 | D:9      | Found a staircase to the Lair.
 10774 | D:10     | Entered Level 10 of the Dungeon
 10867 | D:10     | Reached skill level 1 in Air Magic
 11076 | D:10     | Noticed a catoblepas
 11077 | D:10     | Noticed a green very ugly thing
 11079 | D:10     | Noticed a centaur warrior
 11085 | D:10     | Mangled by a catoblepas

Illustrated notes

Levels and vault maps discovered:
D:1:      dpeg_arrival_rooms_a, layout_basic, kennysheep_crisscross
D:2:      layout_loops_ring, makhleb_grotto_becter, st_stairs_4
D:3:      layout_loops_cross, nicolae_overflow_hidden_temple,
          chequers_serial_rivers_micro_a
D:4:      layout_basic, minmay_temple_entry_gardened_gates, uniq_eustachio,
          uniq_crazy_yiuf_cottage, uniq_edmund
D:5:      layout_basic, eat_drink_and_be_merry_uskayaw, minmay_checkerbox
D:6:      layout_loops_cross, nemelex_xobeh_ov_fountains_minmay,
          grunt_temple_overflow_open, gammafunk_ghost_hive, led_sif_book,
          uniq_menkaure
D:7:      layout_loops_cross
D:8:      minmay_tri_box, layout_basic, serial_shops, shop, uniq_maggie,
          uniq_gastronok
D:9:      layout_rooms, david_lair_shrubbed, serial_shops, shop_fountains,
          uniq_maurice, uniq_prince_ribbit1
D:10:     layout_loops_corners, orc_0_dummy, minivault_28
Temple:   minmay_temple_bridge_abc

Skill      XL: |  1  2  3  4  5  6  7  8  9 10 11 |
---------------+----------------------------------+-----
Stealth        | 2 3 4 |  4.9
Conjurations   | 5 6 7 8 10 11 12 | 12.2
Dodging        | 2 3 4 |  4.7
Spellcasting   | 3 4 5 6 8 9 10 | 10.4
Fighting       | 1 2 |  2.7
Translocations | 2 3 |  3.3
Throwing       | 1 2 |  2.6
Armour         | 1 2 |  2.7
Air Magic      | 1 |  1.5
Short Blades   | |  0.4
Evocations     | |  0.1

Action                   |  1- 3 |  4- 6 |  7- 9 | 10-12 || total
-------------------------+-------+-------+-------+-------++-------
Melee: Dagger            |       |     1 |    13 |    21 ||    35
       Kick              |       |       |     6 |       ||     6
Throw: Dart              |       |       |     1 |    19 ||    20
 Cast: Magic Dart        |    55 |    29 |    98 |    40 ||   222
       Searing Ray       |     5 |    27 |    72 |    46 ||   150
       Iskenderun's Myst |       |       |     6 |    45 ||    51
Evoke: Phantom mirror    |       |       |       |     1 ||     1
  Use: Scroll            |       |     1 |       |     3 ||     4
 Stab: Sleeping          |       |       |       |     1 ||     1
Armor: Robe              |       |     4 |    13 |     2 ||    19
       Acid dragon scale |       |       |       |    23 ||    23
Dodge: Dodged            |     9 |    17 |    46 |    44 ||   116

Table legend: (Time is in decaauts)
 A = Elapsed time spent in this place.
 B = Non-inter-level travel time spent in this place.
 C = Inter-level travel time spent in this place.
 D = Time resting spent in this place.
 E = Time spent auto-exploring this place.
 F = Levels seen in this place.
 G = Mean time per level.
                   A        B        C        D        E       F      G
               +--------+--------+--------+--------+--------+-----+--------+
         Total |  11069 |  10746 |    323 |    548 |   8664 |  11 | 1006.3 |
       Dungeon |  10967 |  10644 |    323 |    548 |   8589 |  10 | 1096.7 |
        Temple |    101 |    101 |      0 |      0 |     75 |   1 |  101.0 |
               +--------+--------+--------+--------+--------+-----+--------+

Top non-repeatable levels by time:
     D:8: 1758 daAuts
     D:1: 1399 daAuts
     D:2: 1347 daAuts
     D:6: 1253 daAuts
     D:4: 1138 daAuts
     D:5: 1127 daAuts
     D:7: 945 daAuts
     D:3: 851 daAuts
     D:9: 834 daAuts
    D:10: 311 daAuts
  Temple: 101 daAuts
